 Dungeon Sprint DCSS version 0.30-a0-883-g5ad918d77d (webtiles) character file.

Game seed: 4606854391926397241

2216 112233 the Imperceptible (level 9, -3/94 HPs)
             Began as an Octopode Brigand on Mar 15, 2023.
             Was a Follower of Dithmenos.
             Shot with an arrow by a centaur warrior (24 damage)
             ... in the Dungeon (Sprint I: "Red Sonja").
             The game lasted 00:02:37 (317 turns).

112233 the Imperceptible (Octopode Brigand)          Turns: 317, Time: 00:02:38

Health: -3/94      AC:  1    Str: 10    XL:     9   Next: 35%
Magic:  9/9        EV: 19    Int: 14    God:    Dithmenos [*.....]
Gold:   519        SH:  0    Dex: 17    Spells: 8/8 levels left

rFire   . . .      SeeInvis .    l - +0 short sword (distort)
rCold   . . .      Faith    .    (no shield)
rNeg    . . .      Spirit   .    (helmet restricted)
rPois   .          Reflect  .    (no amulet)
rElec   .          Rampage  .    (no ring)
rCorr   .          NoTele   +    (no ring)
Will    .....                    (no ring) Stlth
                                 (no ring)
HPRegen 0.35/turn                (no ring)
MPRegen 0.11/turn                (no ring)
                                 (no ring)
                                 (no ring)

@: berserking (expiring), wreathed by umbra, very quick
A: almost no armour, amphibious, 8 rings, camouflage 1, gelatinous body 1,
nimble swimmer 1, tentacles
a: Renounce Religion


You were in the Dungeon.
You worshipped Dithmenos.
Dithmenos was aware of your devotion.
You visited 1 branch You collected 519 gold pieces.

Inventory:

Hand Weapons
 a - a +2 dagger
 l - a +0 short sword of distortion (weapon)
Missiles
 b - 9 poisoned darts (quivered)
 c - 6 curare-tipped darts
Wands
 j - a wand of digging (5)
Scrolls
 i - a scroll of blinking
Potions
 d - 2 potions of curing
 e - a potion of heal wounds
 f - a potion of haste
 g - 2 potions of magic
 k - a potion of might {unknown}


   Skills:
 + Level 6.6 Fighting
 - Level 8.0 Short Blades
 - Level 2.0 Throwing
 * Level 9.9 Dodging
 - Level 21.5 Stealth


You had 8 spell levels left.
You didn't know any spells.
Your spell library was empty.

Dungeon Overview and Level Annotations

Branches:
Dungeon (1/1)

Altars:
Cheibriados
Dithmenos
Elyvilon
Fedhas
Gozag
Hepliaklqana
Kikubaaqudgha
Makhleb
Nemelex Xobeh
Okawaru
Qazlal
Ru
Sif Muna
Trog
Uskayaw
Vehumet
Wu Jian
Xom
Yredelemnul
Zin
The Shining One
Jiyva
Lugonu

Shops:
D :


Innate Abilities, Weirdness & Mutations

You cannot wear most types of armour.
You are amphibious.
You can wear up to eight rings at the same time.
Your skin changes colour to match your surroundings (Stealth+).
Your rubbery body absorbs attacks. (AC +1, EV +1)
You are camouflaged when in or above water. (Stealth+)
You have tentacles for arms and can constrict up to eight enemies at once.


Message History

The centaur warrior kicks you.
* * * LOW HITPOINT WARNING * * *
The centaur warrior barely misses you. The centaur warrior kicks you.
* * * LOW HITPOINT WARNING * * *
You barely miss the centaur warrior.
The centaur warrior is heavily wounded.
The centaur warrior closely misses you.
The centaur warrior kicks you but does no damage.
The centaur warrior hits you.
* * * LOW HITPOINT WARNING * * *
The centaur warrior kicks you.
* * * LOW HITPOINT WARNING * * *
Unknown command.
You closely miss the centaur warrior.
The centaur warrior is moderately wounded.
Unknown command.
You puncture the centaur warrior!
The centaur warrior is devoured by a tear in reality.
The centaur warrior barely misses you. The centaur warrior kicks you.
* * * LOW HITPOINT WARNING * * *
Training target 8.0 for Short Blades reached!
Your Fighting skill increases to level 6!
Your Short Blades skill increases to level 8!
Your Dodging skill increases to level 9!
You have reached level 9!
Your experience leads to an increase in your attributes!
Increase (S)trength, (I)ntelligence, or (D)exterity?
You feel agile. x2
Unknown command.
You hit the centaur warrior.
The centaur warrior is lightly wounded.
The centaur warrior blinks!
Unknown command.
You hit the centaur warrior.
You squeeze the centaur warrior, but do no damage.
The centaur warrior is lightly wounded.
The centaur warrior blinks!
The centaur warrior wields a +0 shortbow.
The centaur warrior shoots an arrow.
The arrow hits you!!
You die...

########################
.#.)'..#.)'..#__#..'..)#
.'..#.)'..#..'..'..#...#
.#####'#####'#__####)..+
.####..#...#[####§$#####
.#__####..##.#§§§§§#
.#_____##'#_.§§§@§§+
⌠#_.∩...'..._#c~§§§#
##_..__##_.#'##+####
#_____###'#.#
#########.### +...+
#.†.# ##.## #+#


You could see a centaur warrior.

Vanquished Creatures
  Sonja (D)
  2 kobold demonologists (D)
  Sigmund (D)
  A yak (D)
  A floating eye (D)
  An ogre (D)
  A jelly (D)
  Ijyb (D)
9 creatures vanquished.

Notes
Turn   | Place    | Note
-------+----------+-------------------------------------------
     0 | D        | 112233 the Octopode Brigand began the quest for the Orb.
     0 | D        | Reached XP level 1. HP: 14/14 MP: 1/1
     2 | D        | Noticed Ijyb
     4 | D        | Killed Ijyb
     5 | D        | Reached skill level 9 in Stealth
     5 | D        | Reached XP level 2. HP: 19/19 MP: 2/2
     5 | D        | Reached XP level 3. HP: 24/24 MP: 3/3
     8 | D        | Noticed an ogre
    11 | D        | Killed an ogre
    12 | D        | Reached skill level 13 in Stealth
    12 | D        | Reached XP level 4. HP: 29/29 MP: 4/4
    23 | D        | Noticed Sigmund
    26 | D        | Killed Sigmund
    27 | D        | Reached skill level 17 in Stealth
    27 | D        | Reached XP level 5. HP: 34/34 MP: 5/5
    27 | D        | Reached XP level 6. HP: 39/39 MP: 6/6
    40 | D        | Found an ornate altar of the Wu Jian Council.
    40 | D        | Found a shimmering blue altar of Sif Muna.
    42 | D        | Found a radiant altar of Vehumet.
    74 | D        | Found Umuoc's Book Emporium.
    74 | D        | Found an ancient bone altar of Kikubaaqudgha.
    74 | D        | Found a hazy altar of Hepliaklqana.
    74 | D        | Found a stormy altar of Qazlal.
    74 | D        | Found a hide-covered altar of Uskayaw.
    74 | D        | Found a blossoming altar of Fedhas.
    74 | D        | Found a bloodstained altar of Trog.
    74 | D        | Found an iron altar of Okawaru.
    74 | D        | Found a basalt altar of Yredelemnul.
    74 | D        | Found a glowing golden altar of the Shining One.
    74 | D        | Found a snail-covered altar of Cheibriados.
    74 | D        | Found a sacrificial altar of Ru.
    74 | D        | Found a glowing silver altar of Zin.
    74 | D        | Found a shadowy altar of Dithmenos.
    74 | D        | Found a white marble altar of Elyvilon.
    74 | D        | Noticed a yak
    75 | D        | Found an opulent altar of Gozag.
    76 | D        | Killed a yak
    77 | D        | Reached skill level 19 in Stealth
    77 | D        | Reached XP level 7. HP: 45/45 MP: 7/7
    77 | D        | Found a sparkling altar of Nemelex Xobeh.
    87 | D        | Became a worshipper of Dithmenos the Shadowed
    96 | D        | Noticed Sonja
   100 | D        | Killed Sonja
   101 | D        | Reached skill level 5 in Dodging
   101 | D        | Reached skill level 21 in Stealth
   101 | D        | Reached XP level 8. HP: 54/54 MP: 8/8
   133 | D        | Found a burning altar of Makhleb.
   133 | D        | Found a viscous altar of Jiyva.
   133 | D        | Found a shimmering altar of Xom.
   133 | D        | Found a corrupted altar of Lugonu.
   133 | D        | Noticed a slime creature
   283 | D        | Noticed a kobold demonologist
   284 | D        | Noticed a kobold demonologist
   287 | D        | Reached skill level 5 in Short Blades
   288 | D        | Killed a kobold demonologist
   288 | D        | Reached * piety under Dithmenos
   290 | D        | Killed a kobold demonologist
   291 | D        | Reached skill level 5 in Fighting
   304 | D        | Noticed a centaur warrior
   304 | D        | Noticed a centaur warrior
   315 | D        | Banished a centaur warrior
   316 | D        | Reached XP level 9. HP: 21/63 MP: 9/9
   317 | D        | Shot with an arrow by a centaur warrior

Illustrated notes

Levels and vault maps discovered:
D:        dungeon_sprint_1 [red_sonja_temple_1, red_sonja_temple_small_1]

Skill      XL: |  1  2  3  4  5  6  7  8 |
---------------+-------------------------+-----
Stealth        | 9 13 17 19 21 | 21.5
Short Blades   | 3 4 8 |  8.0
Dodging        | 3 5 9 |  9.9
Fighting       | 3 6 |  6.6
Throwing       | |  2.0

Action                     |  1- 3 |  4- 6 |  7- 9 || total
---------------------------+-------+-------+-------++-------
  Melee: Dagger            |     2 |     3 |     1 ||     6
         Short sword       |       |       |    18 ||    18
         Tentacles         |       |       |     3 ||     3
    Use: Potion            |       |       |     1 ||     1
   Stab: Sleeping          |     2 |     3 |     4 ||     9
 Armour: Skin              |       |       |     1 ||     1
  Dodge: Dodged            |       |       |    10 ||    10

Table legend: (Time is in decaauts)
 A = Elapsed time spent in this place.
 B = Non-inter-level travel time spent in this place.
 C = Inter-level travel time spent in this place.
 D = Time resting spent in this place.
 E = Time spent auto-exploring this place.
 F = Levels seen in this place.
 G = Mean time per level.
                   A        B        C        D        E       F      G
               +--------+--------+--------+--------+--------+-----+--------+
         Total |    309 |    288 |     21 |    125 |      0 |   1 |  309.0 |
       Dungeon |    309 |    288 |     21 |    125 |      0 |   1 |  309.0 |
               +--------+--------+--------+--------+--------+-----+--------+

Top non-repeatable levels by time:
       D: 309 daAuts
